 Dungeon Crawl Stone Soup version 0.30-a0-793-g160f7cfddd (webtiles) character file.

Game seed: 16202129905874546392

6360 browni3141 the Arsonist (level 10, -6/63 HPs)
             Began as an Octopode Wanderer on Feb 20, 2023.
             Was an Initiate of Gozag.
             Mangled by a vampire (14 damage)
             ... on level 9 of the Dungeon.
             The game lasted 00:26:53 (11891 turns).

browni3141 the Arsonist (Octopode Wanderer)        Turns: 11891, Time: 00:26:54

Health: -6/63      AC:  1    Str:  9    XL:     10   Next: 96%
Magic:  2/14       EV: 13    Int: 24    God:    Gozag
Gold:   943        SH:  4    Dex: 12    Spells: 5/15 levels left

rFire   + . .      SeeInvis .    G - +4 rapier "Dojekhor" {elec, rF+ Will+ Int+3}
rCold   . . .      Faith    .    c - +0 buckler
rNeg    . . .      Spirit   .    (helmet restricted)
rPois   .          Reflect  .    (no amulet)
rElec   .          Harm     .    (no ring)
rCorr   .          Rampage  .    (no ring)
Will    +....                    (no ring)
Stlth   +++++                    (no ring)
HPRegen 0.30/turn                (no ring)
MPRegen 0.14/turn                (no ring)
                                 (no ring)
                                 (no ring)

@: no status effects
A: almost no armour, amphibious, 8 rings, camouflage 1, gelatinous body 1,
(nimble swimmer 1), tentacles
a: Renounce Religion, Potion Petition, Call Merchant, Bribe Branch


You were on level 9 of the Dungeon.
You worshipped Gozag.
Gozag was pleased with you.
You visited 2 branches of the dungeon, and saw 10 of its levels.

You collected 1633 gold pieces.
You paid 690 gold pieces to Gozag.

Inventory:

Hand Weapons
 a - a +0 dagger
 o - a +2 short sword of venom
 G - the +4 rapier "Dojekhor" (weapon) {elec, rF+ Will+ Int+3}
   (You found it on level 8 of the Dungeon)

   Int:       It affects your intelligence (+3).
   rF:        It protects you from fire.
   Will:      It increases your willpower.
Missiles
 H - a curare-tipped dart
Armour
 c - a +0 buckler (worn)
Jewellery
 l - an amulet of guardian spirit
 F - a ring of positive energy
Wands
 n - a wand of flame (55)
 y - a wand of polymorph (12)
 B - a wand of roots (3)
 C - a wand of quicksilver (11)
Scrolls
 d - 2 scrolls of fear
 e - 5 scrolls of teleportation
 f - 3 scrolls of amnesia {unknown}
 k - 2 scrolls of vulnerability
 q - a scroll of enchant weapon
 s - a scroll of noise
 v - a scroll of brand weapon
 x - a scroll of fog {unknown}
 E - a scroll of butterflies {unknown}
 I - a scroll of poison {unknown}
Potions
 b - a potion of lignification
 g - a potion of brilliance {unknown}
 h - a potion of heal wounds
 i - 3 potions of might {unknown}
 j - 2 potions of berserk rage {unknown}
 m - 4 potions of curing {unknown}
 p - 3 potions of haste
 r - a potion of cancellation {unknown}
 t - a potion of flight {unknown}
 u - a potion of attraction {unknown}
 w - 3 potions of invisibility {unknown}
 z - 2 potions of degeneration {unknown}
 A - a potion of mutation {unknown}
 D - a potion of resistance {unknown}


   Skills:
 - Level 4.0 Fighting
 - Level 5.0 Short Blades
 - Level 3.0 Dodging
 - Level 8.0 Stealth
 - Level 3.0 Shields
 - Level 3.0 Spellcasting
 - Level 4.0 Conjurations
 - Level 3.0 Hexes
 - Level 3.0 Transmutations
 * Level 10.8 Fire Magic
 - Level 6.0 Evocations


You had 5 spell levels left.
You knew the following spells:

 Your Spells              Type           Power      Damage    Failure   Level
a - Foxfire               Conj/Fire      100%       2x1d9     1%          1
b - Scorch                Fire           100%       2d10      1%          2
c - Inner Flame           Hex/Fire       36%        N/A       2%          3
d - Flame Wave            Conj/Fire      39%        2d11      7%          4

Your spell library contained the following spells:

 Spells                   Type           Power      Damage    Failure   Level
 Shock                    Conj/Air       52%        1d6       6%          1
 Wereblood                Tmut           18%        N/A       6%          2
 Passwall                 Tmut/Erth      8%         N/A       12%         2
 Swiftness                Air            3%         N/A       38%         3
 Airstrike                Air            1%         2d(1-17)  80%         4
 Summon Cactus Giant      Summ           1%         N/A       100%        6


Dungeon Overview and Level Annotations

Branches:
Dungeon (9/15)             Temple (1/1) D:6
   Lair: D:8-11         Orc: D:9-12

Altars:
Ashenzari
Cheibriados
Dithmenos
Elyvilon
Gozag
Hepliaklqana
Kikubaaqudgha
Makhleb
Nemelex Xobeh
Okawaru
Qazlal
Ru
Sif Muna
Trog
Uskayaw
Vehumet
Wu Jian
Xom
Yredelemnul
Zin
The Shining One

Shops:
D:4 (   D:9 [

Annotations:
D:6 Duvessa
D:7 1 runed translucent door, exclusion: troll, Crazy Yiuf
D:8 exclusions: ice statue and obsidian statue


Innate Abilities, Weirdness & Mutations

You cannot wear most types of armour.
You are amphibious.
You can wear up to eight rings at the same time.
Your skin changes colour to match your surroundings (Stealth+).
Your rubbery body absorbs attacks. (AC +1, EV +1)
((You are camouflaged when in or above water. (Stealth+)))
You have tentacles for arms and can constrict up to eight enemies at once.


Message History

You conjure some foxfire!
The foxfire hits something.
Casting: Foxfire (safe; 1% risk of failure)
Confirm with . or Enter, or press ? or * to list all spells.
Flames lash something but do no damage.
The foxfire hits something but does no damage.
The foxfire hits something.
Something hits you. Something barely misses you.
Casting: Scorch (safe; 1% risk of failure)
Confirm with . or Enter, or press ? or * to list all spells.
You don't have enough magic to cast this spell.
Unknown command.
Unknown command.
Casting: Scorch (safe; 1% risk of failure)
Confirm with . or Enter, or press ? or * to list all spells.
You don't have enough magic to cast this spell.
You hit something but do no damage. You squeeze something. Something hits you!
Something bites you.
Something draws strength from your injuries!
Your magical contamination has completely faded away.
You hit something but do no damage. Something hits you. Something bites you.
Something draws strength from your injuries!
You closely miss something. Something hits you! Something bites you.
Something draws strength from your injuries!
You miss something. You squeeze something. Something hits you!
* * * LOW HITPOINT WARNING * * *
Something bites you!
* * * LOW HITPOINT WARNING * * *
Something draws strength from your injuries!
Something hits you.
* * * LOW HITPOINT WARNING * * *
Something barely misses you.
There is an open door here.
You feel much better. Something hits you. Something bites you!
* * * LOW HITPOINT WARNING * * *
Something draws strength from your injuries!
You block something's attack. Something bites you!
* * * LOW HITPOINT WARNING * * *
Something draws strength from your injuries!
Something hits you!
You die...
Your body crumbles into a pile of gold. ##≈~≈≈≈≈≈≈~~............### #≈≈≈######≈~~#######......# #≈≈### ##~≈......#......# #≈≈##yy #≈≈......#......# #≈≈# ywwy

#≈~......+......# .≈≈#
wwy##≈≈.##..##......# .~≈#
yyy##≈~###..#....#### .~≈##
####≈≈# #..#....#
.≈≈≈######≈≈≈# #@.#....#
).~~≈≈≈≈≈≈≈≈## #..#....#
...~≈≈~~~≈~## #..#....#
....##....######..'....#
.....#..>.........##...#
.....#.............#...#
##...#.............#...#
.#...#.........#####...#
.#...#.........#..........#


There were no monsters in sight!

Vanquished Creatures
  2 two-headed ogres (D:9)
  A queen bee (D:8)
  A wyvern (D:9)
  4 yaks (D:8)
  Edmund (D:6)
  2 water moccasins
  4 sky beasts
  3 orc warriors
  2 black bears
  3 ice beasts
  3 ogres
  4 centaurs
  2 phantoms
  4 kobold brigands
  A necrophage (D:4)
  Blork the orc (D:6)
  2 bullfrogs (D:7)
  3 scorpions
  4 wights
  Dowan (D:6)
  9 killer bees (D:8)
  2 electric eels (D:9)
  A jelly (D:6)
  A gnoll bouda (D:7)
  4 orc priests
  A hound (D:5)
  2 iguanas
  Terence (D:3)
  4 orc wizards
  8 adders
  12 gnolls
  2 shadow imps
  2 white imps
  2 ufetubi
  4 dart slugs
  26 orcs
  4 endoplasms
  2 giant cockroaches
  3 goblins
  4 hobgoblins
  4 jackals
  29 kobolds
  5 quokkas
  4 ball pythons
  2 bats
  3 frilled lizards
  2 rats
191 creatures vanquished.

Vanquished Creatures (collateral kills)
  5 foxfires
5 creatures vanquished.

Vanquished Creatures (others)
  586 foxfires
  8 plants
594 creatures vanquished.

Grand Total: 790 creatures vanquished

Notes
Turn   | Place    | Note
-------+----------+-------------------------------------------
     0 | D:1      | browni3141 the Octopode Wanderer began the quest for the
                  | Orb.
     0 | D:1      | browni3141 set off with the following items: a +0 dagger, a
                  | potion of lignification, a +0 buckler; and the following
                  | spell memorised: Foxfire; and the following spells
                  | available to memorise: Scorch, Wereblood, Passwall, Inner
                  | Flame.
     0 | D:1      | Reached XP level 1. HP: 11/11 MP: 3/3
   222 | D:1      | Reached XP level 2. HP: 17/17 MP: 3/5
  1149 | D:2      | Reached XP level 3. HP: 21/21 MP: 4/6
  1152 | D:2      | Learned a level 2 spell: Scorch
  1949 | D:3      | Reached skill level 1 in Conjurations
  1949 | D:3      | Reached XP level 4. HP: 27/27 MP: 3/7
  2011 | D:3      | Found a sparkling altar of Nemelex Xobeh.
  2153 | D:3      | Found an ornate altar of the Wu Jian Council.
  2181 | D:3      | Noticed Terence
  2210 | D:3      | Killed Terence
  2563 | D:3      | Reached XP level 5. HP: 31/31 MP: 5/9
  3346 | D:4      | Found Yfarr's Antique Weapon Boutique.
  3370 | D:4      | Reached skill level 1 in Stealth
  3596 | D:4      | Reached skill level 1 in Fighting
  3596 | D:4      | Reached XP level 6. HP: 29/38 MP: 6/10
  3763 | D:5      | Entered Level 5 of the Dungeon
  3766 | D:5      | Identified a scroll of acquirement
  3801 | D:5      | Reached skill level 5 in Fire Magic
  3865 | D:5      | Found a shimmering altar of Xom.
  3986 | D:5      | Found a glowing golden altar of the Shining One.
  4348 | D:5      | Noticed a black bear
  4360 | D:5      | Killed a black bear
  4361 | D:5      | Reached skill level 5 in Stealth
  4361 | D:5      | Reached XP level 7. HP: 15/45 MP: 11/11
  4939 | D:5      | Became a worshipper of the Shining One
  5506 | D:6      | Found a staircase to the Ecumenical Temple.
  5526 | D:6      | Reached XP level 8. HP: 37/52 MP: 7/12
  5529 | Temple   | Entered the Ecumenical Temple
  5676 | D:6      | Noticed Edmund
  5840 | D:6      | Found a sacrificial altar of Ru.
  6021 | D:6      | Reached skill level 1 in Evocations
  6243 | D:6      | Noticed Blork the orc
  6249 | D:6      | Killed Blork the orc
  6268 | D:6      | Learned a level 3 spell: Inner Flame
  6273 | D:6      | Learned a level 4 spell: Flame Wave
  6627 | D:6      | Noticed Duvessa
  6627 | D:6      | Noticed Dowan
  6668 | D:6      | Duvessa changed into Duvessa the steam dragon
  6668 | D:6      | Noticed Duvessa
  6799 | D:6      | Killed Dowan
  6801 | D:6      | Killed Edmund
  7273 | D:6      | Found a sacrificial altar of Ru.
  7653 | D:7      | Reached skill level 6 in Fire Magic
  7742 | D:7      | Identified the +5 dagger "Tugirori" {vamp, rPois rCorr
                  | Dex+3}
  7768 | D:7      | Reached skill level 5 in Evocations
  7846 | D:7      | Found a runed translucent door.
  7847 | D:7      | Noticed Crazy Yiuf
  7914 | D:7      | Reached XP level 9. HP: 58/58 MP: 7/13
  8203 | D:7      | Reached skill level 7 in Fire Magic
  8464 | D:7      | Found an iron altar of Okawaru.
  8605 | D:7      | Reached skill level 8 in Fire Magic
  8632 | D:7      | Noticed a troll
  8632 | D:7      | Reached * piety under the Shining One
  8920 | D:7      | Identified the +1 leather armour of the Hidden Xalams
                  | {Str-5 Int+7}
  9065 | D:8      | Noticed an ice statue
  9558 | D:8      | Reached skill level 9 in Fire Magic
  9710 | D:8      | Reached skill level 10 in Fire Magic
  9710 | D:8      | Reached skill level 1 in Hexes
  9721 | D:8      | Reached XP level 10. HP: 24/63 MP: 3/14
 10043 | D:8      | Identified the +4 rapier "Dojekhor" {elec, rF+ Will+ Int+3}
 10295 | D:8      | Reached ** piety under the Shining One
 10297 | D:8      | Reached skill level 1 in Short Blades
 10696 | D:8      | Noticed an obsidian statue
 10961 | D:9      | Found an opulent altar of Gozag.
 10984 | D:9      | Noticed a two-headed ogre
 10995 | D:9      | Fell from the grace of the Shining One
 10995 | D:9      | Became a worshipper of Gozag Ym Sagoz the Greedy
 10999 | D:9      | Acquired 953 gold pieces
 11306 | D:9      | Killed a two-headed ogre
 11307 | D:9      | Reached skill level 5 in Short Blades
 11855 | D:9      | Noticed a two-headed ogre
 11862 | D:9      | Killed a two-headed ogre
 11891 | D:9      | Mangled by a vampire

Illustrated notes

Levels and vault maps discovered:
D:1:      minmay_arrival_open_corners, layout_basic, serial_bayou_lake_a
D:2:      layout_basic
D:3:      layout_loops_ring, mainiacjoe_overflow_chevrons,
          nzn_wu_jian_contemplation, uniq_terence
D:4:      layout_loops_ring, serial_shops, nicolae_shop_waterfront,
          kennysheep_minor_cross
D:5:      layout_loops_corners, nicolae_overflow_crystal_walls,
          mainiacjoe_overflow_brackets
D:6:      layout_gridville, nicolae_ru_path_of_blood, minmay_temple_entry_trees,
          serial_co_window_serial, co_window_paths_b, co_window_paths_a,
          co_window_paths_a, co_window_of_opportunity_a, co_window_corner_a,
          co_window_paths_a, co_window_of_opportunity_a, co_window_paths_c,
          co_window_broadway_b, co_window_corner_cb, co_window_broadway_c,
          uniq_blork_the_orc, uniq_edmund, uniq_duvessa
D:7:      layout_rooms, lemuel_round_altar, minmay_misc_feat_rugged,
          minmay_quadrilaterals, uniq_crazy_yiuf_cottage
D:8:      minmay_separated_statues, layout_cave_pods,
          nicolae_looking_at_the_future
D:9:      layout_irregular_city, mainiacjoe_overflow_surrounded_room,
          enter_bailey_1, grunt_ministairs_14, hive_lemuel
Temple:   zaba_magenta_temple

Skill      XL: |  1  2  3  4  5  6  7  8  9 10 |
---------------+-------------------------------+-----
Conjurations   | 1 2 4 |  4.0
Spellcasting   | 3 |  3.0
Transmutations | 3 |  3.0
Shields        | 3 |  3.0
Stealth        | 2 5 7 8 |  8.0
Fighting       | 1 2 3 4 |  4.0
Fire Magic     | 5 6 10 | 10.8
Evocations     | 5 6 |  6.0
Hexes          | 1 3 |  3.0
Short Blades   | 5 |  5.0
Dodging        | 3 |  3.0

Action                     |  1- 3 |  4- 6 |  7- 9 | 10-12 || total
---------------------------+-------+-------+-------+-------++-------
  Melee: Dagger            |    16 |       |       |       ||    16
         Constrict         |     5 |     2 |    13 |     5 ||    25
         Tentacles         |     1 |     5 |    18 |     7 ||    31
         Short sword       |       |    12 |    52 |       ||    64
         Rapier            |       |       |       |    33 ||    33
         Punch             |       |       |       |     2 ||     2
   Cast: Foxfire           |    56 |    80 |   150 |    61 ||   347
         Scorch            |       |     7 |    31 |    10 ||    48
         Inner Flame       |       |       |     4 |     2 ||     6
         Flame Wave        |       |       |     1 |     3 ||     4
 Invoke: Divine Shield     |       |       |       |     1 ||     1
         Call Merchant     |       |       |       |     1 ||     1
  Evoke: Wand              |       |     4 |    13 |     8 ||    25
    Use: Scroll            |       |     4 |     1 |     4 ||     9
         Potion            |       |       |       |     5 ||     5
   Stab: Sleeping          |     1 |       |       |     2 ||     3
 Armour: Skin              |       |     1 |     1 |    11 ||    13
  Dodge: Dodged            |    12 |    11 |    51 |    22 ||    96
  Block: Buckler           |     2 |     9 |    20 |    23 ||    54

Table legend: (Time is in decaauts)
 A = Elapsed time spent in this place.
 B = Non-inter-level travel time spent in this place.
 C = Inter-level travel time spent in this place.
 D = Time resting spent in this place.
 E = Time spent auto-exploring this place.
 F = Levels seen in this place.
 G = Mean time per level.
                   A        B        C        D        E       F      G
               +--------+--------+--------+--------+--------+-----+--------+
         Total |  11878 |  11459 |    419 |    847 |   9053 |  10 | 1187.8 |
       Dungeon |  11755 |  11354 |    401 |    847 |   8954 |   9 | 1306.1 |
        Temple |    122 |    104 |     18 |      0 |     99 |   1 |  122.0 |
               +--------+--------+--------+--------+--------+-----+--------+

Top non-repeatable levels by time:
     D:6: 2485 daAuts
     D:8: 1798 daAuts
     D:7: 1480 daAuts
     D:5: 1274 daAuts
     D:3: 1066 daAuts
     D:1: 986 daAuts
     D:9: 953 daAuts
     D:2: 868 daAuts
     D:4: 842 daAuts
  Temple: 122 daAuts
